 Dungeon Crawl Stone Soup version 0.31-a0-880-g9a209b2425 (webtiles) character file.

Game seed: 15180525654500020319

319 Zenn the Grave Robber (level 6, -2/50 HPs)
             Began as a Draconian Wanderer on Oct 15, 2023.
             Slain by an ogre
             ... wielding a +0 giant club
              (17 damage)
             ... on level 4 of the Dungeon.
             The game lasted 00:11:33 (3073 turns).

Zenn the Grave Robber (Draconian Wanderer)          Turns: 3073, Time: 00:11:33

Health: -2/50      AC:  6    Str: 14    XL:     6   Next: 21%
Magic:  0/7        EV:  9    Int: 14    God:
Gold:   207        SH:  0    Dex: 11    Spells: 7/7 levels left

rFire   . . .        e - +2 short sword (vamp)
rCold   . . .        (no shield)
rNeg    . . .        (body armour unavailable)
rPois   .            (helmet restricted)
rElec   .            (no cloak)
rCorr   .            (no gloves)
SInv    .            (no boots)
Will    .....        j - amulet of guardian spirit
Stlth   +            (no ring)
HPRegen 0.28/turn    (no ring)
MPRegen 0.10/turn

%: guardian spirit
@: constricted
A: AC +6, unfitting armour, cold-blooded
a: no special abilities


You were on level 4 of the Dungeon.
You visited 1 branch of the dungeon, and saw 4 of its levels.

You collected 207 gold pieces.

Inventory:

Hand Weapons
 a - a +0 club
 e - a +2 vampiric short sword (weapon)
 p - a +0 dagger of electrocution
Missiles
 i - 6 datura-tipped darts (quivered)
Armour
 h - the +0 leather armour of Borch {Harm rCorr}
   (You found it on level 3 of the Dungeon)

   rCorr:     It protects you from acid and corrosion.
   Harm:      It increases damage dealt and taken.
 l - a +0 robe
 o - an orb of guile
Jewellery
 j - an amulet of guardian spirit (around neck)
Wands
 b - a wand of flame (4)
 f - a wand of paralysis (12)
Scrolls
 c - 3 scrolls of identify
 d - a scroll of silence
 g - a scroll of enchant armour {unknown}
 k - a scroll of fear {unknown}
 n - a scroll of vulnerability
Potions
 m - a potion of heal wounds
 q - a potion of curing {unknown}


   Skills:
 + Level 2.9 Fighting
 + Level 3.4 Short Blades
 + Level 2.5 Dodging
 + Level 1.1 Stealth
 + Level 1.0 Spellcasting
 + Level 4.3 Necromancy
 + Level 1.0 Invocations
 + Level 3.5 Evocations


You had 7 spell levels left.
You didn't know any spells.
Your spell library contained the following spells:

 Spells                   Type           Power      Damage    Failure   Level
 Necrotise                Necr           48%        1d6       4%          1
 Sublimation of Blood     Necr           12%        N/A       7%          2
 Kiss of Death            Conj/Necr      24%        2d7       11%         1
 Ensorcelled Hibernation  Hex/Ice        0%         N/A       36%         2
 Passwall                 Tmut/Erth      0%         N/A       36%         2
 Poisonous Vapours        Pois/Air       0%         N/A       36%         2
 Animate Dead             Necr           12%        N/A       41%         4
 Mephitic Cloud           Conj/Pois/Air  0%         N/A       61%         3
 Swiftness                Air            0%         N/A       61%         3
 Borgnjor's Vile Clutch   Necr/Erth      3%         N/A       96%         5
 Freezing Cloud           Conj/Ice/Air   0%         6-21      100%        5
 Death Channel            Necr           6%         N/A       100%        6


Dungeon Overview and Level Annotations

Branches:
Dungeon (4/15)
 Temple: D:4-7

Altars:


Innate Abilities, Weirdness & Mutations

Your plain brown scales are hard. (AC +6)
You cannot fit into any form of body armour.
You are cold-blooded and may be slowed by cold attacks.


Message History

The iguana is heavily wounded.
The iguana bites you.
You hit the iguana.
The iguana is severely wounded.
The ogre barely misses you.
You barely miss the iguana. You tail-slap the iguana.
The iguana is severely wounded.
The iguana bites you.
You hit the iguana.
You feel better.
You tail-slap the iguana, but do no damage.
The iguana is almost dead.
The iguana bites you. The ogre barely misses you.
You barely miss the iguana.
The iguana is almost dead.
The iguana barely misses you.
You hit the iguana but do no damage.
You tail-slap the iguana, but do no damage.
The iguana is almost dead.
The ogre hits you with a +0 giant club. The iguana barely misses you.
You hit the iguana.
The iguana is almost dead.
The iguana closely misses you. The ogre misses you.
You hit the iguana.
You feel better.
You kill the iguana!
The ball python misses you. The ball python grabs you.
The ball python constricts you. The ogre hits you with a +0 giant club!
You hit the ogre.
You tail-slap the ogre, but do no damage.
The ogre is lightly wounded.
The ball python bites you. The ball python constricts you.
You hit the ogre. You tail-slap the ogre.
The ogre is heavily wounded.
The ball python bites you but does no damage.
The ball python constricts you. The ogre hits you with a +0 giant club!
The ball python's grasp on you weakens, but your attempt to escape fails.
The ball python bites you.
* * * LOW HITPOINT WARNING * * *
The ball python constricts you.
The ogre hits you with a +0 giant club!!
You die...

.........>.#
........#..#
##......#..#
#.........#
#.........#
####.##.<.#
... #.†.#
....##...#
+...@####
###SO...#
...###...#.#
..[......# #
#........#
##.......#
##.....##
#.#..##
.......


You could see an ogre and a ball python.

Vanquished Creatures
  A water moccasin zombie (D:3)
  A hound (D:4)
  Jessica (D:2)
  An iguana (D:4)
  2 orc wizards (D:3)
  A hound zombie (D:3)
  A gnoll (D:2)
  2 adders (D:3)
  An adder skeleton (D:3)
  A dart slug (D:4)
  3 orcs (D:3)
  8 ball pythons
  8 bats
  6 endoplasms
  3 giant cockroaches
  6 goblins
  8 hobgoblins
  7 jackals (D:1)
  2 quokkas
  A ball python skeleton (D:3)
  A ball python zombie (D:3)
  7 kobolds
  A quokka skeleton (D:3)
  5 rats
78 creatures vanquished.

Notes
Turn   | Place    | Note
-------+----------+-------------------------------------------
     0 | D:1      | Zenn the Draconian Wanderer began the quest for the Orb.
     0 | D:1      | Zenn set off with the following items: a +0 club, a wand of
                  | flame (4), a potion of attraction, a scroll of silence; and
                  | the following spells available to memorise: Necrotise,
                  | Sublimation of Blood, Kiss of Death.
     0 | D:1      | Reached XP level 1. HP: 16/16 MP: 2/2
   169 | D:1      | Reached XP level 2. HP: 17/23 MP: 3/3
   492 | D:1      | Reached XP level 3. HP: 28/28 MP: 4/4
   512 | D:1      | Reached skill level 1 in Short Blades
  1177 | D:2      | Noticed Jessica
  1184 | D:2      | Killed Jessica
  1185 | D:2      | Reached skill level 1 in Dodging
  1239 | D:2      | Reached XP level 4. HP: 34/35 MP: 5/5
  1985 | D:3      | Identified the +0 leather armour of Borch {Harm rCorr}
  2079 | D:3      | Reached XP level 5. HP: 28/41 MP: 4/6
  2233 | D:3      | You fall into a shaft and drop 1 floor!
  2628 | D:3      | Reached skill level 1 in Stealth
  3022 | D:4      | Reached XP level 6. HP: 50/50 MP: 3/7
  3073 | D:4      | Slain by an ogre

Illustrated notes

Levels and vault maps discovered:
D:1:      psy_arrival_radial01, layout_basic
D:2:      layout_loops_ring, minmay_heptomino_d4, uniq_jessica
D:3:      minmay_inner_zag, layout_loops_corners, serial_undead,
          serial_undead_c, serial_undead_f, serial_undead_c, serial_undead_c,
          serial_undead_f, serial_undead_d
D:4:      layout_basic, minmay_temple_entry_mist, minmay_manual_moon, uniq_ijyb,
          uniq_natasha

Skill      XL: |  1  2  3  4  5 |
---------------+----------------+-----
Short Blades   | 1 2 3 |  3.4
Dodging        | 1 2 |  2.5
Fighting       | 2 |  2.9
Stealth        | 1 |  1.1
Spellcasting   | |  1.0
Necromancy     | |  4.3
Invocations    | |  1.0
Evocations     | |  3.5

Action                     |  1- 3 |  4- 6 || total
---------------------------+-------+-------++-------
  Melee: Short sword       |   125 |   204 ||   329
         Club              |     8 |       ||     8
         Tailslap          |    12 |    30 ||    42
         Punch             |     2 |     1 ||     3
    Use: Potion            |     1 |     1 ||     2
         Scroll            |       |     5 ||     5
   Stab: Sleeping          |       |     2 ||     2
 Armour: Skin              |    91 |   148 ||   239
  Dodge: Dodged            |   118 |   119 ||   237

Table legend: (Time is in decaauts)
 A = Elapsed time spent in this place.
 B = Non-inter-level travel time spent in this place.
 C = Inter-level travel time spent in this place.
 D = Time resting spent in this place.
 E = Time spent auto-exploring this place.
 F = Levels seen in this place.
 G = Mean time per level.
                   A        B        C        D        E       F      G
               +--------+--------+--------+--------+--------+-----+--------+
         Total |   3053 |   3053 |      0 |     91 |   1163 |   4 |  763.2 |
       Dungeon |   3053 |   3053 |      0 |     91 |   1163 |   4 |  763.2 |
               +--------+--------+--------+--------+--------+-----+--------+

Top non-repeatable levels by time:
     D:3: 1137 daAuts
     D:1: 895 daAuts
     D:2: 860 daAuts
     D:4: 160 daAuts
